 Dungeon Crawl Stone Soup version 0.21-a0-531-gacddea6 (webtiles) character file.

37 tidbits the Insei (level 3, -4/28 HPs)
             Began as a Gnoll Transmuter on Dec 13, 2017.
             Slain by a bullfrog (6 damage)
             ... on level 3 of the Dungeon.
             The game lasted 00:04:13 (374 turns).

tidbits the Insei (Gnoll Transmuter)                 Turns: 374, Time: 00:04:14

Health: -4/28      AC:  2    Str: 12    XL:     3   Next: 39%
Magic:  6/9        EV: 14    Int: 16    God:
Gold:   35         SH:  0    Dex: 15    Spells: 6/12 levels left

rFire    . . .     SeeInvis .   l - +0 hand axe (curse)
rCold    . . .     Gourm    .   (no shield)
rNeg     . . .     Faith    .   b - +0 robe
rPois    .         Spirit   .   (no helmet)
rElec    .         Reflect  .   (no cloak)
rCorr    .         Harm     .   (no gloves)
MR       .....                  (boots currently unavailable)
Stlth    ++........             (no amulet)
HPRegen  0.09/turn              (no ring)
MPRegen  0.11/turn              (no ring)

@: appendage
A: distributed training, fangs 1, talons 3, strong nose
a: End Transformation


You were on level 3 of the Dungeon.
You were not hungry.
You had grown temporary talons.
You visited 1 branch of the dungeon, and saw 3 of its levels.

You collected 35 gold pieces.

Inventory:

Hand Weapons
 l - a cursed +0 hand axe (weapon)
Missiles
 a - 4 arrows
 f - 18 stones (quivered)
 m - 19 sling bullets
Armour
 b - a +0 robe (worn)
Potions
 e - 2 potions of haste {unknown}
 g - a potion of cancellation {unknown}
 i - a potion of ambrosia {unknown}
 j - a potion of lignification {unknown}
 k - a potion of might {unknown}
Books
 c - a book of Changes

   Spells                             Type                      Level
   a - Beastly Appendage              Transmutation                1
   b - Sticks to Snakes               Transmutation                2
   c - Spider Form                    Transmutation/Poison         3
   d - Ice Form                       Ice/Transmutation            4
   e - Blade Hands                    Transmutation                5
Comestibles
 d - a bread ration
 h - a royal jelly


   Skills:
 + Level 2.6 Fighting
 + Level 0.7 Short Blades
 + Level 0.7 Long Blades
 + Level 0.7 Axes
 + Level 0.7 Maces & Flails
 + Level 0.7 Polearms
 + Level 0.7 Staves
 + Level 0.7 Slings
 + Level 0.7 Bows
 + Level 0.7 Crossbows
 + Level 0.7 Throwing
 + Level 0.7 Armour
 + Level 4.5 Dodging
 + Level 0.7 Stealth
 + Level 0.7 Shields
 + Level 6.5 Unarmed Combat
 + Level 5.0 Spellcasting
 + Level 0.5 Conjurations
 + Level 0.5 Hexes
 + Level 0.5 Charms
 + Level 0.5 Summonings
 + Level 0.5 Necromancy
 + Level 0.5 Translocations
 + Level 3.7 Transmutations
 + Level 0.5 Fire Magic
 + Level 0.5 Ice Magic
 + Level 0.5 Air Magic
 + Level 0.5 Earth Magic
 + Level 0.5 Poison Magic
 + Level 0.9 Invocations
 + Level 0.7 Evocations


You had 6 spell levels left.
You knew the following spells:

 Your Spells              Type           Power        Failure   Level  Hunger
e - Beastly Appendage     Tmut           ###...       3%          1    None
k - Sticks to Snakes      Tmut           ###.....     4%          2    #......
p - Spider Form           Tmut/Pois      ##........   19%         3    ###....


Dungeon Overview and Level Annotations

Branches:
Dungeon (3/15)

Altars:
Okawaru


Innate Abilities, Weirdness & Mutations

Your experience applies equally to all skills.
You have very sharp teeth.
Your uncanny sense of smell can sniff out nearby items.
You have claws for feet.


Message History

Your talons disappear.
Casting: Sticks to Snakes
Confirm with . or Enter, or press ? or * to list all spells.
You create a snake!
You now have 5 arrows.
Casting: Sticks to Snakes
Confirm with . or Enter, or press ? or * to list all spells.
Your feet morph into talons.
The kobold hits your ball python.
Your ball python dies!
The kobold shouts!
You hear a shout!
Your adder withers and dies!
The kobold throws a stone.
The stone closely misses your adder. The stone barely misses you.
You hit the kobold.
You kill the kobold!
The kobold throws a stone.
The stone hits your adder.
You swap places.
You see here a stone.
The kobold hits you.
* * * LOW HITPOINT WARNING * * *
Found a murky blue potion.
You barely miss the kobold. You claw the kobold.
You kill the kobold!
You see here a stone.
Things that are here:
a golden potion; a kobold corpse
g - a golden potion Your adder withers and dies!
You see here a kobold corpse.
Your transformation is almost over.
Found an orange potion.
Found 19 sling bullets and a glowing quarterstaff.
You see here a murky blue potion.
j - a murky blue potion Your talons disappear.
You see here an orange potion.
e - 2 orange potions (gained 1)
You see here 19 sling bullets.
m - 19 sling bullets You open the large door.
There is a large open door here.
There is a large open door here.
Found a stone staircase leading down.
Found a flail.
A goblin comes into view.
Found 10 gold pieces.
A bullfrog comes into view.
Found 17 stones.
A rat comes into view.
The bullfrog gives a loud, deep croak!
You see here 10 gold pieces.
Casting: Beastly Appendage
Confirm with . or Enter, or press ? or * to list all spells.
Your feet morph into talons.
The bullfrog releases a deep croak.
Casting: Beastly Appendage
Confirm with . or Enter, or press ? or * to list all spells.
You create a snake!
You now have 4 arrows.
The goblin misses you.
You barely miss the goblin. Your kick misses the goblin.
Your bite misses the goblin. The goblin hits you.
* * * LOW HITPOINT WARNING * * *
You hit the goblin. You punch the goblin.
You kill the goblin!
You completely miss the rat. The rat misses you. The bullfrog misses you.
The rat closely misses you.
You hit the bullfrog. Your kick misses the bullfrog.
Your bite misses the bullfrog.
The bullfrog is lightly wounded.
You hit the rat but do no damage.
Your ball python closely misses the rat.
Your ball python grabs the rat.
Your ball python constricts the rat.
The bullfrog hits you.
* * * LOW HITPOINT WARNING * * *
Your ball python bites the rat.
Your ball python constricts the rat.
The rat dies!
The bullfrog closely misses you.
You hit the bullfrog.
The bullfrog is lightly wounded.
The bullfrog releases a deep croak.
The bullfrog hits you.
* * * LOW HITPOINT WARNING * * *
Your ball python barely misses the bullfrog. x2
The bullfrog barely misses you.
You barely miss the bullfrog. You claw the bullfrog.
The bullfrog is heavily wounded.
Your ball python bites the bullfrog.
Your ball python grabs the bullfrog.
Your ball python constricts the bullfrog.
The bullfrog hits your ball python!
Your ball python dies!
You closely miss the bullfrog. Your kick misses the bullfrog.
You bite the bullfrog.
The bullfrog is severely wounded.
The bullfrog hits you.
* * * LOW HITPOINT WARNING * * *
The bullfrog barely misses you.
You closely miss the bullfrog. You punch the bullfrog.
Your bite misses the bullfrog.
The bullfrog is almost dead.
The bullfrog hits you but does no damage.
The bullfrog hits you.
You die...

......(.##.........
.........##..........
..........##..........
#.........##..........
...).....##..........
. ....................
#.#.##..............#
#.#.##.........†....#
#...##.........F@...#
∆
##.............######
...............#
..#>...........#
..##...........#
..##...........#
..##...........#
..''...........#
..##...........#


You could see a bullfrog.

Vanquished Creatures
  A goblin (D:3)
  11 jackals (D:2)
  5 kobolds
  2 quokkas (D:3)
  A ball python (D:2)
  3 bats (D:1)
  2 frilled lizards
  A rat (D:2)
26 creatures vanquished.

Vanquished Creatures (collateral kills)
  An adder (D:3)
  A goblin (D:3)
  A rat (D:3)
3 creatures vanquished.

Grand Total: 29 creatures vanquished

Notes
Turn   | Place    | Note
-------+----------+-------------------------------------------
     0 | D:1      | tidbits the Gnoll Transmuter began the quest for the Orb.
     0 | D:1      | Reached XP level 1. HP: 17/17 MP: 6/6
    84 | D:2      | Reached XP level 2. HP: 20/23 MP: 5/7
   108 | D:2      | Learned a level 2 spell: Sticks to Snakes
   251 | D:3      | Reached XP level 3. HP: 17/28 MP: 5/9
   256 | D:3      | Learned a level 3 spell: Spider Form
   274 | D:3      | Found an iron altar of Okawaru.
   287 | D:3      | Reached skill level 5 in Spellcasting
   360 | D:3      | Noticed a bullfrog
   373 | D:3      | HP: 2/28 [bullfrog (2)]
   374 | D:3      | Slain by a bullfrog

Vault maps used:
D:1:      dpeg_arrival_three_same_balls
D:2:      minmay_misc_feat_pillars, uniq_jessica
D:3:      okawaru_ov_weapons_minmay, grunt_dithmenos_smoke

Skill      XL: |  1  2  3 |
---------------+----------+-----
Spellcasting   | 5 |  5.0
Fighting       | |  2.6
Short Blades   | |  0.7
Long Blades    | |  0.7
Axes           | |  0.7
Maces & Flails | |  0.7
Polearms       | |  0.7
Staves         | |  0.7
Slings         | |  0.7
Bows           | |  0.7
Crossbows      | |  0.7
Throwing       | |  0.7
Armour         | |  0.7
Dodging        | |  4.5
Stealth        | |  0.7
Shields        | |  0.7
Unarmed Combat | |  6.5
Conjurations   | |  0.5
Hexes          | |  0.5
Charms         | |  0.5
Summonings     | |  0.5
Necromancy     | |  0.5
Translocations | |  0.5
Transmutations | |  3.7
Fire Magic     | |  0.5
Ice Magic      | |  0.5
Air Magic      | |  0.5
Earth Magic    | |  0.5
Poison Magic   | |  0.5
Invocations    | |  0.9
Evocations     | |  0.7

Action                   || total
-------------------------++-------
Melee: Unarmed           ||    46
       Kick              ||     8
       Bite              ||     7
       Punch             ||     4
       Headbutt          ||     2
       Hand axe          ||    23
 Cast: Beastly Appendage ||     9
       Sticks to Snakes  ||     8
       Spider Form       ||     1
  Use: Scroll            ||     3
Armor: Robe              ||    10
Dodge: Dodged            ||    49

Table legend:
 A = Spawn XP
 B = Non-spawn XP
 C = Spawn XP percentage of total XP
 D = Spawn monster count
 E = Non-spawn monster count
 F = Spawn count percentage of total count
 G = Total turns spent on level
                    A         B        C        D         E        F      G
               +---------+---------+-------+---------+---------+-------+---------
         Total |       0 |      53 |   0.0 |       0 |      29 |   0.0 |   374
               +---------+---------+-------+---------+---------+-------+---------
           D:1 |       0 |       5 |   0.0 |       0 |       3 |   0.0 |    73
           D:2 |       0 |      28 |   0.0 |       0 |      16 |   0.0 |   171
           D:3 |       0 |      20 |   0.0 |       0 |      10 |   0.0 |   130
               +---------+---------+-------+---------+---------+-------+---------

Table legend:
 A = Turns spent in this place as a percentage of turns spent in the entire game.
 B = Non-inter-level travel turns spent in this place as a percentage of non-inter-level travel turns spent in the entire game.
 C = Inter-level travel turns spent in this place as a percentage of turns spent in this place.
 D = Turns resting spent in this place as a percentage of non-inter-level travel turns spent in this place.
 E = Turns spent auto-exploring this place as a percentage of non-inter-level travel turns spent in this place.
 F = Non-inter-level travel turns spent in this place divided by the number of levels of this place that you've seen.
                   A       B       C       D       E      F
               +-------+-------+-------+-------+-------+----------------------
         Total | 100.0 | 100.0 |   4.0 |   0.0 |   0.0 | 119.7
       Dungeon | 100.0 | 100.0 |   4.0 |   0.0 |   0.0 | 119.7
               +-------+-------+-------+-------+-------+----------------------

Table legend:
 A = Kills in this place as a percentage of kills in entire the game.
 B = Kills by you in this place as a percentage of kills by you in the entire game.
 C = Kills by friends in this place as a percentage of kills by friends in the entire game.
 D = Other kills in this place as a percentage of other kills in the entire game.
 E = Experience gained in this place as a percentage of experience gained in the entire game.
 F = Experience gained in this place divided by the number of levels of this place that you have seen.
                   A       B       C       D       E      F
               +-------+-------+-------+-------+-------+----------------------
         Total | 100.0 | 100.0 | 100.0 |   N/A | 100.0 |  17.7
       Dungeon | 100.0 | 100.0 | 100.0 |   N/A | 100.0 |  17.7
               +-------+-------+-------+-------+-------+----------------------

Vault maps used:
D:1:      dpeg_arrival_three_same_balls
D:2:      minmay_misc_feat_pillars, uniq_jessica
D:3:      okawaru_ov_weapons_minmay, grunt_dithmenos_smoke
